 Dungeon Crawl Stone Soup version 0.22-a0-192-g6ffc940 (webtiles) character file.

7 Atlas the Magician (level 1, 0/13 HPs)
             Began as a Mummy Ice Elementalist on Feb 17, 2018.
             Slain by a jackal (3 damage)
             ... on level 1 of the Dungeon.
             The game lasted 00:00:24 (267 turns).

Atlas the Magician (Mummy Ice Elementalist)          Turns: 267, Time: 00:00:25

Health: 0/13       AC:  3    Str: 11    XL:     1   Next: 91%
Magic:  0/4        EV: 11    Int: 14    God:
Gold:   23         SH:  0    Dex: 12    Spells: 5/6 levels left

rFire    x . .     SeeInvis .   c - +1 whip (venom)
rCold    + . .     Gourm    .   (no shield)
rNeg     + + +     Faith    .   d - +0 leather armour
rPois    ∞         Spirit   .   (no helmet)
rElec    .         Reflect  .   (no cloak)
rCorr    .         Harm     .   (no gloves)
MR       .....                  (no boots)
Stlth    +.........             (no amulet)
HPRegen  0.04/turn              (no ring)
MPRegen  0.09/turn              (no ring)

@: no status effects
A: no food or potions, fire vulnerability, cold resistance 1, negative energy
resistance 3, torment resistance, unbreathing
a: no special abilities


You were on level 1 of the Dungeon.
You were not hungry.

You visited 1 branch of the dungeon, and saw 1 of its levels.

You collected 23 gold pieces.

Inventory:

Hand Weapons
 c - a +1 whip of venom (weapon)
Armour
 a - a +0 robe
 d - a +0 leather armour (worn)
Scrolls
 e - 3 scrolls of teleportation {unknown}
Books
 b - a book of Frost

   Spells                             Type                      Level
   a - Freeze                         Ice                          1
   b - Throw Frost                    Conjuration/Ice              2
   c - Ozocubu's Armour               Charms/Ice                   3
   d - Throw Icicle                   Conjuration/Ice              4
   e - Summon Ice Beast               Ice/Summoning                4


   Skills:
 + Level 1.5 Dodging
 + Level 1.5 Stealth
 + Level 3.2 Spellcasting
   Level 0.7 Conjurations
 + Level 2.5 Ice Magic


You had 5 spell levels left.
You knew the following spells:

 Your Spells              Type           Power        Failure   Level  Hunger
a - Freeze                Ice            #...         10%         1    N/A

Dungeon Overview and Level Annotations

Branches:
Dungeon (1/15)

Altars:


Innate Abilities, Weirdness & Mutations

You do not eat or drink.
Your flesh is vulnerable to fire.
You are immune to poison.
Your flesh is cold resistant. (rC+)
You are immune to negative energy. (rN+++)
You are immune to unholy pain and torment.
You can survive without breathing.


Message History

The jackal bites you.
The dart slug bites you but does no damage.
You are too injured to fight recklessly!
You are too injured to fight recklessly!
You are too injured to fight recklessly!
You hit the dart slug.
The dart slug is poisoned.
The dart slug is moderately wounded.
The jackal bites you but does no damage.
The jackal barely misses you. The dart slug closely misses you.
You hit the dart slug.
The dart slug is heavily wounded.
The jackal bites you but does no damage.
The jackal bites you.
* * * LOW HITPOINT WARNING * * *
The dart slug barely misses you.
You hit the dart slug.
You kill the dart slug!
Your Spellcasting skill increases to level 3!
The jackal bites you.
You die...

##. #.....# #. #)....#
#+######.....#
#.....'......#
#.###.#......# #.#
#.#......# .
###.###.#......#
....#####.'.....#......+
......h@..#####+#......#
.........## #........#
.........# #.........
.........# #.).......
.........##+###.........
................##+####.
................# .
###+###.........##.#
............#


You could see a jackal.

Vanquished Creatures
  A dart slug (D:1)
  2 hobgoblins (D:1)
  A jackal (D:1)
  A kobold (D:1)
5 creatures vanquished.

Notes
Turn   | Place    | Note
-------+----------+-------------------------------------------
     0 | D:1      | Atlas the Mummy Ice Elementalist began the quest for the Orb.
     0 | D:1      | Reached XP level 1. HP: 13/13 MP: 4/4
   267 | D:1      | Reached skill level 3 in Spellcasting
   267 | D:1      | Slain by a jackal

Vault maps used:
D:1:      evilmike_arrival_crescent, minmay_misc_feat_encased

Skill      XL: |  1 |
---------------+----+-----
Spellcasting   | 3 |  3.2
Dodging        | |  1.5
Stealth        | |  1.5
Conjurations   | |  0.7
Ice Magic      | |  2.5

Action                   || total
-------------------------++-------
Melee: Whip              ||     3
       Unarmed           ||     1
 Cast: Freeze            ||    10
Armor: Leather armour    ||     3
       Robe              ||     1
Dodge: Dodged            ||     9

Table legend:
 A = Spawn XP
 B = Non-spawn XP
 C = Spawn XP percentage of total XP
 D = Spawn monster count
 E = Non-spawn monster count
 F = Spawn count percentage of total count
 G = Total turns spent on level
                    A         B        C        D         E        F      G
               +---------+---------+-------+---------+---------+-------+---------
         Total |       0 |      11 |   0.0 |       0 |       5 |   0.0 |   267
               +---------+---------+-------+---------+---------+-------+---------
           D:1 |       0 |      11 |   0.0 |       0 |       5 |   0.0 |   267
               +---------+---------+-------+---------+---------+-------+---------
